 Dungeon Crawl Stone Soup version 0.31.0-12-g77e489cdc1 (webtiles) character file.

Game seed: 9454579342353071875

43897 sking99 the Arsonist (level 14, -15/148 HPs)
             Began as an Oni Fire Elementalist on Feb 29, 2024.
             Was a High Priest of Nemelex Xobeh.
             Demolished by a boulder beetle (23 damage)
             ... on level 5 of the Lair of Beasts.
             The game lasted 00:53:42 (29547 turns).

sking99 the Arsonist (Oni Fire Elementalist)       Turns: 29547, Time: 00:53:44

Health: -15/148    AC: 11    Str: 15    XL:     14   Next: 26%
Magic:  9/27       EV: 10    Int: 20    God:    Nemelex Xobeh [*****.]
Gold:   1366       SH:  5    Dex:  9    Spells: 9/31 levels left

rFire   . . .        e - +3 dagger (venom)
rCold   + . .        (no shield)
rNeg    + + .        z - +2 swamp dragon scales
rPois   +            (helmet restricted)
rElec   .            r - +0 cloak
rCorr   .            (gloves unavailable)
SInv    +            (boots unavailable)
Will    +....        u - amulet of reflection
Stlth   +            g - ring of Teacae {rC+ rN++ SInv}
HPRegen 0.44/turn    (no ring)
MPRegen 0.20/turn

%: reflection
@: no status effects
A: large, unfitting armour, horns 1, tough skin 1, double potion healing,
drunken brawling
a: Renounce Religion, Draw Escape, Draw Destruction, Draw Summoning, Triple
Draw, Deal Four, Stack Five


You were on level 5 of the Lair of Beasts.
You worshipped Nemelex Xobeh.
Nemelex Xobeh was extremely pleased with you.
You visited 2 branches of the dungeon, and saw 17 of its levels.
You also visited: Sewer and Ossuary.

You collected 1366 gold pieces.

Inventory:

Hand Weapons
 e - a +3 dagger of venom (weapon)
Missiles
 G - a throwing net
Armour
 r - a +0 cloak (worn)
 z - +2 swamp dragon scales (worn)
Jewellery
 a - an amulet of the acrobat
 g - the ring of Teacae (left hand) {rC+ rN++ SInv}
   (You acquired it on level 4 of the Dungeon)

   [ring of see invisible]

   rC+:       It protects you from cold.
   rN++:      It greatly protects you from negative energy.
   SInv:      It lets you see invisible.
 u - an amulet of reflection (around neck)
 E - an amulet of regeneration
 H - a ring of resist corrosion
 N - a ring of protection from cold
Wands
 h - a wand of digging (14)
 m - a wand of acid (2)
 w - a wand of polymorph (19)
 D - a wand of roots (11)
 F - a wand of paralysis (7)
 I - a wand of flame (13)
 L - a wand of mindburst (13)
Scrolls
 d - 2 scrolls of enchant weapon
 n - 7 scrolls of teleportation
 t - 6 scrolls of noise
 x - 3 scrolls of silence
 y - 2 scrolls of vulnerability
 A - 3 scrolls of immolation
 B - 2 scrolls of fog
 C - a scroll of amnesia
 J - 4 scrolls of blinking
 M - 11 scrolls of identify
 O - a scroll of poison {unknown}
 P - a scroll of torment
 Q - a scroll of butterflies {unknown}
Potions
 b - 5 potions of magic
 c - 10 potions of degeneration
 f - 2 potions of lignification
 i - 3 potions of haste
 j - 7 potions of curing
 k - 3 potions of mutation
 l - 3 potions of heal wounds
 o - a potion of might
 p - a potion of ambrosia
 q - a potion of invisibility {unknown}
 s - 6 potions of enlightenment
 v - 3 potions of brilliance
 K - a potion of berserk rage {unknown}
 R - a potion of cancellation {unknown}
 S - 2 potions of resistance {unknown}


   Skills:
 + Level 11.7 Fighting
 + Level 8.5 Dodging
 - Level 1.4 Stealth
 + Level 9.4 Spellcasting
 - Level 8.0 Conjurations
 - Level 3.0 Hexes
 - Level 3.0 Translocations
 - Level 13.3 Fire Magic
 - Level 2.0 Air Magic
 + Level 10.4 Invocations


You had 9 spell levels left.
You knew the following spells:

 Your Spells              Type           Power      Damage    Failure   Level
a - Foxfire               Conj/Fire      100%       2x1d9     1%          1
b - Scorch                Fire           100%       2d9       1%          2
c - Volatile Blastmotes   Fire/Tloc      84%        2d17      1%          3
d - Inner Flame           Hex/Fire       42%        N/A       1%          3
e - Flame Wave            Conj/Fire      51%        2d13      1%          4
f - Airstrike             Air            8%         2d(2-18)  54%         4
g - Dispel Undead         Necr           9%         3d8       82%         4
z - Shock                 Conj/Air       100%       1d9       1%          1

Your spell library contained the following spells:

 Spells                   Type           Power      Damage    Failure   Level
 Kiss of Death            Conj/Necr      100%       2d13      2%          1
 Apportation              Tloc           42%        N/A       4%          1
 Slow                     Hex            84%        N/A       4%          1
 Jinxbite                 Hex            42%        N/A       6%          2
 Ignite Poison            Fire/Alch      36%        N/A       10%         4
 Confusing Touch          Hex            21%        N/A       13%         3
 Gell's Gravitas          Tloc           21%        N/A       13%         3
 Sigil of Binding         Hex            21%        N/A       13%         3
 Teleport Other           Tloc           21%        N/A       13%         3
 Cigotuvi's Dreadful Rot  Necr/Alch/Air  24%        N/A       17%         2
 Swiftness                Air            17%        N/A       19%         3
 Vampiric Draining        Necr           9%         2d6       41%         3
 Freezing Cloud           Conj/Ice/Air   11%        6-21      71%         5
 Alistair's Intoxication  Alch           6%         N/A       99%         5
 Dispersal                Tloc           10%        N/A       100%        6


Dungeon Overview and Level Annotations

Branches:
Dungeon (12/15)            Temple (0/1) D:5            Lair (5/5) D:11
  Swamp (0/4) Lair:2       Spider (0/4) Lair:3        Sewer (visited)
Ossuary (visited)
  Slime: Lair:4-5       Orc: D:9-12

Altars:
Dithmenos
Elyvilon
Gozag
Hepliaklqana
Kikubaaqudgha
Nemelex Xobeh
Okawaru
Sif Muna
Trog
Vehumet
Zin
The Shining One

Shops:
D:4 !   D:5 [   D:8 *


Innate Abilities, Weirdness & Mutations

You are too large for most types of armour.
You have a pair of small horns on your head.
You have tough skin. (AC +1)
You gain doubled healing and magic from potions.
Whenever you drink a healing potion, you attack all around you.


Message History

Press: ? - help, Dir - look around, f - activate A wave of flame ripples out!
The flame wave engulfs the elephant!!
You kill the elephant!
The flame wave engulfs the elephant.
You kill the elephant!
The flame wave engulfs the elephant.
The elephant is severely wounded. (Press . to intensify the flame waves.)
The elephant tramples you.
You hold your ground!
The elephant trunk-slaps you but does no damage.
A wave of flame ripples out!
The flame wave engulfs the elephant!!
You kill the elephant!
The flame wave engulfs the elephant!
The elephant is almost dead.
The boulder beetle curls into a ball and begins rolling!
You block the elephant's attack. The elephant barely misses you.
A skyshark comes into view.
The elephant tramples you!
You hold your ground!
The elephant trunk-slaps you but does no damage.
There is a stone staircase leading up, spattered with blood here.
The elephant tramples you!
You stumble backwards!
You stop ascending the stairs.
The skyshark attacks as it pursues you! The skyshark bites you!
The skyshark tastes blood and grows stronger!
The skyshark barely misses you.
The skyshark tail-slaps you but does no damage.
You block the skyshark's attack. The skyshark tail-slaps you.
The skyshark tail-slaps you but does no damage.
The elephant tramples you!
* * * LOW HITPOINT WARNING * * *
You stumble backwards!
A komodo dragon comes into view.
The komodo dragon hisses angrily.
The skyshark bites you!!
* * * LOW HITPOINT WARNING * * *
The skyshark enters a blood-rage!
The skyshark tail-slaps you!
* * * LOW HITPOINT WARNING * * *
You block the skyshark's attack. The boulder beetle hits you!!
You die...
Your body glows slightly and disappears.

#........# #...
#........##..P..
#...........^...
#........#.l.#
#.....<.....#
###...°.......#
#....°............
#.P..○FY....#.....
##...#B@..........
#...##........#..
#... #...#.......
#.?.. ...P....$..
##... ..........
##............
.##......P...
#P.........


You could see a boulder beetle (rolling), a skyshark (berserk), an elephant and
a komodo dragon.

Vanquished Creatures
  3 hydras
  2 catoblepae
  2 two-headed ogres (D:11)
  A boulder beetle (Lair:1)
  2 bog bodies (Lair:2)
  A necromancer (Lair:4)
  A lindwurm (Lair:3)
  A cyclops (D:11)
  An ugly thing (D:11)
  9 elephants
  3 black mambas
  A gargoyle (D:11)
  12 cane toads
  7 komodo dragons
  2 rime drakes
  Maggie (D:6)
  A kobold demonologist (D:8)
  A troll (D:9)
  4 polar bears
  18 blink frogs
  2 wraiths
  4 culicivoras (Lair:3)
  A shadow (D:11)
  4 wyverns
  Eustachio (D:6)
  A vampire (D:10)
  A basilisk (Lair:3)
  64 yaks
  2 steam dragons
  A warg (D:11)
  A redback (Lair:3)
  2 vampire mosquitoes (D:10)
  Edmund (D:6)
  2 acid dragons
  A water moccasin (shapeshifter) (D:11)
  8 water moccasins
  Duvessa (D:6)
  An ice beast (D:7)
  5 orc warriors
  2 sky beasts (D:7)
  3 ogres
  2 laughing skulls (D:11)
  5 centaurs
  19 wolves
  2 phantoms
  Blork the orc (D:6)
  8 bullfrogs
  A brain worm (Sewer)
  7 kobold brigands
  4 gnoll sergeants
  3 scorpions
  4 water moccasin zombies (Ossuary)
  22 killer bees
  3 wights (D:10)
  Dowan (D:6)
  A burial acolyte (Ossuary)
  3 bombardier beetles
  A spectral scorpion (Ossuary)
  4 hounds
  4 jellies
  10 orc priests
  18 orc wizards
  A sleepcap (D:4)
  3 polar bear simulacra (Lair:4)
  3 wolf simulacra (Lair:4)
  2 yak simulacra (Lair:4)
  2 bullfrog simulacra (Ossuary)
  2 mummies (Ossuary)
  Robin (D:2)
  8 adders
  17 gnolls
  3 river rats
  2 shadow imps (D:8)
  A ribbon worm zombie (D:5)
  A white imp (D:6)
  4 ufetubi
  4 adder zombies (Ossuary)
  5 dart slugs
  A ribbon worm (D:4)
  30 orcs
  13 endoplasms
  20 giant cockroaches
  15 goblins
  14 hobgoblins
  15 jackals
  6 quokkas
  10 ball pythons
  14 bats
  3 frilled lizards
  11 gnoll zombies (Ossuary)
  4 jackal zombies
  40 kobolds
  9 kobold skeletons (D:8)
  9 kobold zombies (D:8)
  An orc zombie (Ossuary)
  6 rats
  3 river rat simulacra (Lair:4)
587 creatures vanquished.

Vanquished Creatures (collateral kills)
  3 foxfires (Lair:2)
3 creatures vanquished.

Vanquished Creatures (others)
  970 foxfires
970 creatures vanquished.

Grand Total: 1560 creatures vanquished

Notes
Turn   | Place    | Note
-------+----------+-------------------------------------------
     0 | D:1      | sking99 the Oni Fire Elementalist began the quest for the
                  | Orb.
     0 | D:1      | Reached XP level 1. HP: 16/16 MP: 3/3
    70 | D:1      | Reached skill level 1 in Conjurations
   192 | D:1      | Reached XP level 2. HP: 24/24 MP: 1/5
   257 | D:1      | Reached skill level 3 in Fire Magic
   653 | D:1      | Found a faded altar of an unknown god.
   795 | D:1      | Reached XP level 3. HP: 31/31 MP: 4/7
  1534 | D:1      | Learned a level 2 spell: Scorch
  1785 | D:2      | Noticed Robin
  2409 | D:2      | Reached XP level 4. HP: 39/39 MP: 3/8
  2722 | D:2      | Killed Robin
  2723 | D:2      | Reached skill level 4 in Fire Magic
  2799 | D:2      | Found a sparkling altar of Nemelex Xobeh.
  2817 | D:2      | Reached skill level 1 in Fighting
  3106 | D:2      | Reached XP level 5. HP: 48/48 MP: 4/9
  3303 | D:2      | Became a worshipper of Nemelex Xobeh the Trickster
  3715 | D:2      | Learned a level 1 spell: Shock
  3719 | D:2      | Learned a level 3 spell: Volatile Blastmotes
  3823 | D:3      | Found a glowing drain.
  3874 | Sewer    | Entered a sewer
  3880 | Sewer    | Reached skill level 1 in Invocations
  4105 | Sewer    | Reached XP level 6. HP: 61/61 MP: 5/10
  5027 | D:3      | Identified the +2 robe of Amorality {Int+2}
  5168 | D:3      | Reached * piety under Nemelex Xobeh
  5168 | D:3      | Received a gift from Nemelex Xobeh
  5570 | D:4      | Found Dusa's Distillery.
  5910 | D:4      | Reached XP level 7. HP: 66/71 MP: 4/11
  6023 | D:4      | Identified a scroll of acquirement
  6023 | D:4      | Acquired the ring of Teacae {rC+ rN++ SInv}
  6600 | D:4      | Reached skill level 5 in Fighting
  7016 | D:5      | Entered Level 5 of the Dungeon
  7016 | D:5      | Found a sand-covered staircase.
  7027 | Ossuary  | Entered an ossuary
  7587 | Ossuary  | Reached XP level 8. HP: 57/83 MP: 4/13
  8127 | D:5      | Reached skill level 5 in Invocations
  8222 | D:5      | Found a staircase to the Ecumenical Temple.
  8969 | D:5      | Found Kudgh's Armour Shoppe.
  8998 | D:5      | Reached skill level 5 in Dodging
  9162 | D:6      | Received a gift from Nemelex Xobeh
  9175 | D:6      | Noticed Edmund
  9394 | D:6      | Killed Edmund
  9395 | D:6      | Reached skill level 5 in Spellcasting
  9395 | D:6      | Reached XP level 9. HP: 55/93 MP: 0/16
  9506 | D:6      | Learned a level 3 spell: Inner Flame
  9511 | D:6      | Learned a level 4 spell: Flame Wave
  9577 | D:6      | Reached ** piety under Nemelex Xobeh
  9588 | D:6      | Noticed Maggie
  9601 | D:6      | Killed Maggie
  9602 | D:6      | Reached skill level 1 in Hexes
  9602 | D:6      | Reached skill level 1 in Translocations
  9602 | D:6      | Reached skill level 1 in Air Magic
  9728 | D:6      | Noticed Blork the orc
  9735 | D:6      | Killed Blork the orc
  9805 | D:6      | Found a white marble altar of Elyvilon.
 10431 | D:6      | Found an opulent altar of Gozag.
 10436 | D:6      | Found a shimmering blue altar of Sif Muna.
 10437 | D:6      | Found a bloodstained altar of Trog.
 10437 | D:6      | Found a shadowy altar of Dithmenos.
 10437 | D:6      | Found a radiant altar of Vehumet.
 10437 | D:6      | Found a glowing silver altar of Zin.
 10438 | D:6      | Found a sparkling altar of Nemelex Xobeh.
 10439 | D:6      | Found a hazy altar of Hepliaklqana.
 10440 | D:6      | Found an iron altar of Okawaru.
 10441 | D:6      | Found an ancient bone altar of Kikubaaqudgha.
 10617 | D:6      | Found a glowing golden altar of the Shining One.
 10618 | D:6      | Noticed Dowan
 10622 | D:6      | Noticed Duvessa
 10626 | D:6      | Killed Dowan
 10692 | D:6      | Killed Duvessa
 10852 | D:6      | Received a gift from Nemelex Xobeh
 11011 | D:6      | Noticed Eustachio
 11039 | D:6      | Killed Eustachio
 11212 | D:7      | Reached skill level 5 in Fire Magic
 11753 | D:7      | Reached XP level 10. HP: 67/102 MP: 1/17
 12179 | D:7      | Noticed Maurice
 12181 | D:7      | Maurice changed into Maurice the acid dragon
 12181 | D:7      | Noticed Maurice
 12186 | D:7      | Killed Maurice the acid dragon
 12379 | D:7      | Reached *** piety under Nemelex Xobeh
 12480 | D:7      | Reached skill level 6 in Fire Magic
 12706 | D:8      | Reached skill level 5 in Conjurations
 12798 | D:8      | Found Xiniq's General Store.
 13112 | D:8      | Reached skill level 7 in Fire Magic
 13118 | D:8      | Noticed a kobold demonologist
 13481 | D:8      | Noticed a sun demon
 13606 | D:8      | Killed a kobold demonologist
 14035 | D:8      | Found an ancient bone altar of Kikubaaqudgha.
 15422 | D:8      | Reached skill level 8 in Fire Magic
 15551 | D:8      | Reached XP level 11. HP: 60/109 MP: 2/18
 16271 | D:9      | Reached skill level 9 in Fire Magic
 16457 | D:10     | Entered Level 10 of the Dungeon
 17205 | D:10     | Reached skill level 10 in Fire Magic
 17753 | D:11     | Found a staircase to the Lair.
 17891 | D:11     | Received a gift from Nemelex Xobeh
 18066 | D:11     | Reached **** piety under Nemelex Xobeh
 18066 | D:11     | Noticed a red ugly thing
 18311 | D:11     | Noticed a two-headed ogre
 18567 | D:11     | Killed a red ugly thing
 18838 | D:11     | Noticed a two-headed ogre
 18847 | D:11     | Killed a two-headed ogre
 18848 | D:11     | Reached skill level 11 in Fire Magic
 19326 | D:11     | Reached XP level 12. HP: 103/118 MP: 8/19
 19636 | D:11     | Reached skill level 12 in Fire Magic
 19885 | D:11     | Killed a two-headed ogre
 20035 | D:11     | You fall into a shaft and drop 1 floor!
 20232 | D:11     | Received a gift from Nemelex Xobeh
 20335 | Lair:1   | Entered Level 1 of the Lair of Beasts
 20349 | Lair:1   | Reached skill level 13 in Fire Magic
 20553 | Lair:1   | Noticed a catoblepas
 20569 | Lair:1   | Killed a catoblepas
 22021 | Lair:1   | Noticed a boulder beetle
 22039 | Lair:1   | Killed a boulder beetle
 22865 | Lair:1   | Reached XP level 13. HP: 103/128 MP: 0/22
 23644 | Lair:2   | Received a gift from Nemelex Xobeh
 23958 | Lair:2   | Reached ***** piety under Nemelex Xobeh
 24031 | Lair:2   | Found a staircase to the Swamp.
 25342 | Lair:3   | Received a gift from Nemelex Xobeh
 25529 | Lair:3   | Reached skill level 10 in Fighting
 26668 | Lair:3   | Found a hole to the Spider Nest.
 27000 | Lair:3   | Learned a level 4 spell: Airstrike
 27005 | Lair:3   | Learned a level 4 spell: Dispel Undead
 28104 | Lair:4   | Reached XP level 14. HP: 126/146 MP: 17/26
 28241 | Lair:4   | Received a gift from Nemelex Xobeh
 28556 | Lair:4   | Reached skill level 10 in Invocations
 28661 | Lair:5   | Entered Level 5 of the Lair of Beasts
 29547 | Lair:5   | Demolished by a boulder beetle

Illustrated notes

Levels and vault maps discovered:
D:1:      minmay_arrival_checkered_box, layout_basic,
          hellmonk_ecumenical_altar_heavens_door
D:2:      layout_rooms, serial_corexii_hall, chequers_hall_statues_wall_a,
          chequers_hall_statues_corner_a, corexii_hall_statues_i,
          corexii_hall_statues_x, chequers_hall_statues_y,
          chequers_hall_statues_corner_a, basic_altar, uniq_robin
D:3:      minmay_roachtagon, layout_basic, gup_sewer_entry_bowl, st_stairs_3
D:4:      layout_rooms, serial_shops, shop
D:5:      layout_loops_ring, lemuel_temple_firewalk_b, serial_shops,
          kennysheep_mini_moat, enter_ossuary_3
D:6:      layout_basic, elyvilon_altar_1, minitemple,
          mainiacjoe_overflow_concentric_impassable, uniq_eustachio,
          uniq_edmund, uniq_blork_the_orc, uniq_maggie, uniq_duvessa
D:7:      layout_basic, hangedman_decor_riveting, nicolae_fountain_basement,
          uniq_maurice
D:8:      wander_kiku_kobolds, layout_rooms, serial_shops,
          nicolae_shop_statue_plus
D:9:      layout_rooms
D:10:     layout_roguey
D:11:     cheibrodos_fzero, layout_basic, erik_lair_orcish_takeover
D:12:     layout_loops_cross, orc_0_dummy, kennysheep_generic_room_3
Lair:1:   layout_cave_pods, grunt_megastairs_4
Lair:2:   layout_roguey, skrybe_swamp_entry_bodies
Lair:3:   beast_lair_carwin_large_3, layout_cave_pods,
          nicolae_spider_entry_tight_spaces
Lair:4:   layout_roguey, eino_house_with_fridge, grunt_megastairs_3,
          infiniplex_staircase_pool_2
Lair:5:   evilmike_catoblepas_cave, layout_loops_ring,
          minmay_slime_entry_pillars, chequers_serial_rivers_room_a

Skill      XL: |  1  2  3  4  5  6  7  8  9 10 11 12 13 14 |
---------------+-------------------------------------------+-----
Conjurations   | 1 2 4 6 8 |  8.0
Fire Magic     | 3 4 5 8 11 13 | 13.3
Spellcasting   | 3 5 6 8 9 |  9.4
Fighting       | 1 3 4 5 7 8 11 | 11.7
Dodging        | 2 3 4 5 6 8 |  8.5
Invocations    | 2 3 4 6 7 9 10 | 10.4
Hexes          | 3 |  3.0
Translocations | 3 |  3.0
Air Magic      | 2 |  2.0
Stealth        | |  1.4

Action                     |  1- 3 |  4- 6 |  7- 9 | 10-12 | 13-15 || total
---------------------------+-------+-------+-------+-------+-------++-------
  Melee: Dagger            |    10 |    33 |    74 |   138 |    30 ||   285
         Headbutt          |     4 |     7 |    15 |    33 |     9 ||    68
         Punch             |       |       |     4 |     3 |     1 ||     8
   Cast: Foxfire           |    90 |   129 |   151 |   147 |    33 ||   550
         Scorch            |       |    30 |   151 |   215 |   165 ||   561
         Volatile Blastmot |       |       |     1 |       |       ||     1
         Flame Wave        |       |       |       |    40 |    44 ||    84
         Shock             |       |       |       |    17 |     6 ||    23
 Invoke: Draw Destruction  |       |       |     3 |     9 |       ||    12
  Evoke: Wand              |       |       |       |     2 |       ||     2
    Use: Scroll            |       |       |    17 |     4 |       ||    21
         Potion            |       |       |     1 |     2 |       ||     3
 Armour: Robe              |    22 |    69 |   107 |       |       ||   198
         Swamp dragon scal |       |       |    70 |   483 |   360 ||   913
  Dodge: Dodged            |    16 |    52 |   126 |   211 |   176 ||   581
  Block: Other             |       |       |    54 |   123 |    69 ||   246
         Reflection        |       |       |     4 |     8 |       ||    12
